 Dungeon Crawl Stone Soup version 0.20.0-8-g6b59dc7 (webtiles) character file.

15164 MDvedh the Grappler (level 11, 0/107 HPs)
             Began as a Troll Hunter on May 30, 2017.
             Was a High Priest of Cheibriados.
             Slain by a basilisk (7 damage)
             ... on level 2 of the Lair of Beasts.
             The game lasted 00:20:34 (9335 turns).

MDvedh the Grappler (Troll Hunter)                  Turns: 9335, Time: 00:20:35

Health: 0/107      AC: 12    Str: 38    XL:     11   Next: 98%
Magic:  13/13      EV:  1    Int: 19    God:    Cheibriados [*****.]
Gold:   630        SH:  0    Dex: 23    Spells: 10/10 levels left

rFire    . . .     SeeInvis .     - Unarmed
rCold    + . .     Gourm    +   (no shield)
rNeg     + + +     Faith    .   b - +0 robe
rPois    ∞         Spirit   .   I - +0 hat
rElec    .         Reflect  .   x - +1 cloak
rCorr    +         Harm     .   (gloves unavailable)
MR       .....                  (boots unavailable)
Stlth    ++........             (no amulet)
Regen    0.7/turn               s - ring of resist corrosion
MPRegen  0.2/turn               y - +3 ring of protection

@: petrified, very slow
A: unfitting armour, claws 3, talons 1, slimy green scales 1, blink, cold
resistance 1, fast metabolism 3, gourmand, low mp 1, regeneration 1, shaggy fur
1, strong 1, tough skin 2, subdued magic 1
a: Blink, Bend Time, Temporal Distortion, Slouch, Step From Time, Renounce
Religion


You were on level 2 of the Lair of Beasts.
You worshipped Cheibriados.
Cheibriados was extremely pleased with you.
You were full.

You visited 3 branches of the dungeon, and saw 13 of its levels.
You also visited: Sewer.

You collected 630 gold pieces.

Inventory:

Hand Weapons
 a - a +0 short sword of flaming
Missiles
 c - a large rock (quivered)
 d - 2 throwing nets
Armour
 b - a +0 robe (worn)
 x - a +1 cloak (worn)
 I - a +0 hat (worn)
Jewellery
 s - a ring of resist corrosion (left claw)
 w - an uncursed ring of ice
 y - a +3 ring of protection (right claw)
Wands
 N - a wand of lightning (9/15)
Scrolls
 e - a scroll of enchant armour
 f - a scroll of vulnerability {unknown}
 j - 2 scrolls of teleportation
 l - a scroll of immolation {unknown}
 n - 5 scrolls of fear
 p - 2 scrolls of magic mapping
 C - 3 scrolls of remove curse
 D - a scroll of fog
 L - a scroll of amnesia
Potions
 i - 13 potions of heal wounds
 k - 4 potions of might
 m - 7 potions of brilliance
 o - a potion of magic
 r - 10 potions of curing
 t - 2 potions of ambrosia
 u - 2 potions of agility
 v - 3 potions of flight
 z - a potion of mutation
 F - a potion of resistance
Comestibles
 g - 8 fruits
 h - 8 royal jellies
 q - 6 meat rations
 G - 2 bread rations


   Skills:
 + Level 6.4 Fighting
 - Level 3.6 Throwing
 + Level 6.4 Dodging
 - Level 0.3 Stealth
 * Level 14.1 Unarmed Combat
 + Level 6.8 Invocations


You had 10 spell levels left.
You didn't know any spells.

Dungeon Overview and Level Annotations

Branches:
Dungeon (10/15)            Temple (1/1) D:7            Lair (2/6) D:10
    Orc (0/2) D:9
  Swamp: Lair:2-4    Shoals: Lair:2-4     Snake: Lair:2-4    Spider: Lair:2-4

Altars:
Ashenzari
Cheibriados
Dithmenos
Elyvilon
Fedhas
Gozag
Hepliaklqana
Kikubaaqudgha
Makhleb
Nemelex Xobeh
Okawaru
Qazlal
Ru
Sif Muna
Trog
Uskayaw
Vehumet
Xom
Yredelemnul
Zin
The Shining One

Shops:
D:4 [   D:7 (   D:8 *   D:10 %

Annotations:
Lair:2 exclusion: ice statue


Innate Abilities, Weirdness & Mutations

You are too large for most types of armour.
You have claws for hands.
Your metabolism is lightning-fast.
You like to eat raw meat.
Your natural rate of healing is unusually fast.
You are covered in fur. (AC +1)
You have very tough skin. (AC +2)
You have sharp toenails.
You are partially covered in slimy green scales. (AC +2)
You can translocate small distances at will.
Your flesh is cold resistant. (rC+)
Your magical capacity is low. (-10% MP)
Your muscles are strong. (Str +2)
Your spells are a little easier to cast, but a little less powerful.


Message History

Your limbs are stiffening.
Unknown command.
You scratch the komodo dragon. Your kick misses the komodo dragon.
The komodo dragon is severely wounded.
The komodo dragon bites you. The basilisk gazes at you.
Your limbs have turned to stone.
The komodo dragon bites you!!
You have turned to stone.
The basilisk bites you! The komodo dragon bites you! The basilisk bites you.
The komodo dragon bites you!!
* * * LOW HITPOINT WARNING * * *
The basilisk bites you!!
* * * LOW HITPOINT WARNING * * *
The komodo dragon bites you but does no damage.
The basilisk bites you!!
* * * LOW HITPOINT WARNING * * *
The komodo dragon bites you!
* * * LOW HITPOINT WARNING * * *
The basilisk bites you!
You die...

.# ####...##
##.#..
...#.....##
...P..
...#....##
...P>.
........P#
....#.
........##
......
...#.P..##
...... ..
##....## .
.....D .
##.#.#.#....
......
#..l@.......
......
##.#l#.#..?.
......
#...........
......
#.#.#.#>#....
......
##...........
...... ## #.#
#.#.. ....#.
... .###
####.# ##. #
##. ##


You could see a komodo dragon and a basilisk.

Vanquished Creatures
  Gastronok (D:9)
  The ghost of Feta the Cleaver, a journeyman FoFi of Okawaru (Lair:1)
  Fannar (Lair:1)
  An ice dragon (Lair:2)
  2 unseen horrors (D:10)
  3 spiny frogs
  A komodo dragon (Lair:1)
  2 ice devils (Lair:1)
  A troll (D:9)
  Prince Ribbit (D:5)
  2 hippogriffs
  11 yaks
  3 hogs (D:9)
  A human (D:9)
  2 hungry ghosts (D:8)
  2 hell hounds (D:10)
  5 water moccasins
  6 porcupines (Lair:1)
  6 ice beasts
  2 black bears
  2 orc warriors
  4 sky beasts
  An eye of draining (D:9)
  A necrophage (D:7)
  3 ogres
  2 crocodiles
  4 bullfrogs
  A scorpion (D:9)
  3 wights (D:8)
  13 killer bees
  7 crimson imps
  A bullfrog zombie (D:6)
  A quasit (D:10)
  3 hounds
  3 jellies
  7 orc wizards
  3 centaur skeletons
  2 orc priests (D:8)
  3 bullfrog skeletons
  Terence (D:2)
  2 iguanas
  4 worker ants
  A hound skeleton (D:4)
  A howler monkey zombie (D:5)
  4 gnolls (D:9)
  A howler monkey skeleton (D:4)
  10 adders
  6 river rats
  A shadow imp (D:9)
  2 white imps (Lair:2)
  3 oozes
  An adder zombie (D:6)
  A dart slug (D:3)
  2 leopard geckos
  17 orcs
  10 giant cockroaches
  3 goblins (D:1)
  6 hobgoblins
  2 jackals (D:4)
  3 quokkas
  11 ball pythons
  2 bats (D:2)
  9 frilled lizards
  17 kobolds
  A leopard gecko skeleton (D:5)
  3 quokka skeletons
  30 rats
272 creatures vanquished.

Vanquished Creatures (others)
  3 fungi (Lair:1)
3 creatures vanquished.

Grand Total: 275 creatures vanquished

Notes
Turn   | Place    | Note
-------+----------+-------------------------------------------
     0 | D:1      | MDvedh the Troll Hunter began the quest for the Orb.
     0 | D:1      | Reached XP level 1. HP: 19/19 MP: 0/0
    85 | D:1      | Reached skill level 1 in Unarmed Combat
   313 | D:1      | Reached XP level 2. HP: 27/27 MP: 1/1
   411 | D:1      | Reached skill level 2 in Unarmed Combat
   662 | D:2      | Reached XP level 3. HP: 31/33 MP: 2/2
  1008 | D:2      | Noticed Terence
  1013 | D:2      | Killed Terence
  1013 | D:2      | Reached skill level 3 in Unarmed Combat
  1224 | D:3      | Reached XP level 4. HP: 41/41 MP: 3/3
  1359 | D:3      | Reached skill level 4 in Unarmed Combat
  1984 | D:4      | Noticed an ogre
  1997 | D:4      | Killed an ogre
  1997 | D:4      | Reached skill level 5 in Unarmed Combat
  1997 | D:4      | Reached XP level 5. HP: 47/48 MP: 4/4
  2330 | D:4      | Found Jakatak's Armour Emporium.
  2529 | D:4      | Reached XP level 6. HP: 54/55 MP: 5/5
  2615 | D:5      | Entered Level 5 of the Dungeon
  2650 | D:5      | Noticed Prince Ribbit
  2651 | D:5      | Reached skill level 6 in Unarmed Combat
  2660 | D:5      | Killed Prince Ribbit
  2660 | D:5      | Reached skill level 7 in Unarmed Combat
  2753 | D:5      | Reached XP level 7. HP: 43/62 MP: 6/6
  2845 | D:5      | Identified the Papyrus of Captivating Boosts
  3390 | D:6      | Reached skill level 8 in Unarmed Combat
  3490 | D:7      | Found a staircase to the Ecumenical Temple.
  3499 | Temple   | Entered the Ecumenical Temple
  3611 | Temple   | Became a worshipper of Cheibriados the Contemplative
  3702 | D:6      | Found a glowing drain.
  3730 | Sewer    | Entered a sewer
  3845 | Sewer    | Reached * piety under Cheibriados
  3970 | Sewer    | Reached ** piety under Cheibriados
  4365 | Sewer    | Gained mutation: Your mind is acute. (Int +2) [potion of mutation]
  4365 | Sewer    | Gained mutation: Your flesh is cold resistant. (rC+) [potion of mutation]
  4366 | Sewer    | Lost mutation: Your mind is acute. (Int +2) [potion of mutation]
  4366 | Sewer    | Lost mutation: Your flesh is cold resistant. (rC+) [potion of mutation]
  4366 | Sewer    | Gained mutation: Your mind is acute. (Int +2) [potion of mutation]
  4366 | Sewer    | Gained mutation: Your spells are a little easier to cast, but a little less powerful. [potion of mutation]
  4366 | Sewer    | Gained mutation: You are somewhat resistant to further mutation. [potion of mutation]
  4367 | Sewer    | Lost mutation: You are somewhat resistant to further mutation. [potion of mutation]
  4367 | Sewer    | Lost mutation: Your mind is acute. (Int +2) [potion of mutation]
  4367 | Sewer    | Gained mutation: Your muscles are strong. (Str +2) [potion of mutation]
  4367 | Sewer    | Gained mutation: You are partially covered in slimy green scales. (AC +2) [potion of mutation]
  4409 | D:6      | Reached skill level 9 in Unarmed Combat
  4626 | D:6      | Reached XP level 8. HP: 69/70 MP: 7/7
  4844 | D:7      | Found Cety's Weapon Boutique.
  5078 | D:7      | Reached skill level 10 in Unarmed Combat
  5131 | D:7      | Reached *** piety under Cheibriados
  5418 | D:7      | Reached skill level 1 in Invocations
  5779 | D:8      | Found Dacluut's Serpentskin Sales.
  6047 | D:8      | Reached XP level 9. HP: 75/80 MP: 9/9
  6083 | D:8      | Reached skill level 11 in Unarmed Combat
  6245 | D:9      | Gained mutation: You have sharp toenails. [mutagenic meat]
  6246 | D:9      | Gained mutation: You can translocate small distances at will. [mutagenic meat]
  6247 | D:9      | Gained mutation: Your flesh is cold resistant. (rC+) [mutagenic meat]
  6248 | D:9      | Gained mutation: Your magical capacity is low. (-10% MP) [mutagenic meat]
  6282 | D:9      | Reached **** piety under Cheibriados
  6377 | D:9      | Found a staircase to the Orcish Mines.
  6723 | D:9      | Noticed a troll
  6724 | D:9      | Killed a troll
  6797 | D:9      | Reached XP level 10. HP: 56/92 MP: 10/10
  7110 | D:9      | Noticed Gastronok
  7121 | D:9      | Killed Gastronok
  7121 | D:9      | Reached skill level 12 in Unarmed Combat
  7291 | D:10     | Entered Level 10 of the Dungeon
  7291 | D:10     | Found a radiant altar of Vehumet.
  7388 | D:10     | Reached skill level 5 in Dodging
  7424 | D:10     | Found a deep blue altar of Sif Muna.
  7428 | D:10     | Found Mismafoc's Food Emporium.
  7476 | D:10     | Reached ***** piety under Cheibriados
  7476 | D:10     | Killed an unseen horror
  7476 | D:10     | Reached skill level 5 in Fighting
  7476 | D:10     | Reached skill level 5 in Invocations
  7531 | D:10     | Killed an unseen horror
  7531 | D:10     | Reached skill level 13 in Unarmed Combat
  7531 | D:10     | Reached XP level 11. HP: 69/104 MP: 12/12
  7805 | D:10     | Found a staircase to the Lair.
  7847 | Lair:1   | Entered Level 1 of the Lair of Beasts
  8158 | Lair:1   | Noticed a seven-headed hydra
  8218 | Lair:1   | Noticed Feta's ghost (journeyman FoFi)
  8226 | Lair:1   | Killed Feta's ghost
  8573 | Lair:1   | Noticed Fannar
  8810 | Lair:2   | Noticed an ice dragon
  8961 | Lair:1   | Killed Fannar
  9021 | Lair:2   | Reached skill level 14 in Unarmed Combat
  9064 | Lair:2   | Noticed an eight-headed hydra
  9231 | Lair:2   | Killed an ice dragon
  9335 | Lair:2   | Slain by a basilisk

Skill      XL: |  1  2  3  4  5  6  7  8  9 10 11 |
---------------+----------------------------------+-----
Unarmed Combat | 1 2 3 5 7 9 10 11 13 14 | 14.1
Invocations    | 2 3 5 6 |  6.8
Fighting       | 2 4 5 6 |  6.4
Dodging        | 2 4 5 6 |  6.4
Throwing       | |  3.6
Stealth        | |  0.3

Action                   |  1- 3 |  4- 6 |  7- 9 | 10-12 || total
-------------------------+-------+-------+-------+-------++-------
Melee: Unarmed           |    75 |   118 |   313 |   229 ||   735
       Punch             |     1 |     1 |    18 |    17 ||    37
       Kick              |       |       |    16 |   111 ||   127
Throw: Large rock        |       |     6 |     5 |    12 ||    23
Invok: Slouch            |       |       |       |     2 ||     2
Evoke: Wand              |       |       |       |     2 ||     2
  Use: Scroll            |       |    11 |     8 |    10 ||    29
       Potion            |       |       |     3 |       ||     3
 Stab: Sleeping          |     3 |       |     3 |     1 ||     7
  Eat: Chunk             |     6 |     5 |    37 |    12 ||    60
       Fruit             |     2 |       |     2 |       ||     4
       Bread ration      |       |     2 |     1 |       ||     3
       Royal jelly       |       |       |     2 |       ||     2
Armor: Robe              |    18 |    28 |   113 |    94 ||   253
Dodge: Dodged            |    34 |    53 |   148 |   135 ||   370
